[Event "Titled Tuesday Blitz July 18 Late 2023"]
[White "Sailer, Mike"]
[Black "Lalanne, Pablo"]
[WhiteFideId "2012901"]
[BlackFideId "112151"]
[WhiteElo "2167"]
[BlackElo "2368"]
[Result "0-1"]
[Round "5"]
[TimeControl "180+2"]
[Date "2023.07.18"]
[WhiteClock "0:00:00"]
[BlackClock "0:00:09"]
[Board "150"]

1. d4 Nf6 2. Nc3 d5 3. Bf4 a6 4. e3 e6 5. Nf3 c5 6. dxc5 Bxc5 7. Bd3 Nc6 8. a3 O-O 9. Qe2 Qe7 10. O-O e5 11. Bg5 Rd8 12. e4 d4 13. Nd5 Qd6 14. Nd2 Nxd5 15. exd5 Ne7 16. Ne4 Qxd5 17. b4 Bd6 18. Bc4 Qc6 19. b5 axb5 20. Bxb5 Qc7 21. Nxd6 Qxd6 22. f4 d3 23. Bxd3 f6 24. fxe5 Qc5+ 25. Be3 Qxe5 26. Rae1 Ng6 27. Qf2 Qh5 28. Bb6 Rf8 29. Bc4+ Kh8 30. Be2 Bg4 31. h3 Bxe2 32. Rxe2 Rxa3 33. Rfe1 Raa8 34. Re6 Qg5 35. Be3 Qd5 36. Bc5 Rfc8 37. Bb4 Qg5 38. c3 Nf4 39. Re7 Nxh3+ 40. Kf1 Nxf2 41. Kxf2 Qf4+ 42. Kg1 Qg3 43. R7e3 Qg6 44. Re7 h6 45. Rxb7 Rab8 46. Rbe7 Ra8 47. R7e2 Ra6 48. Be7 Rac6 49. Bb4 Kh7 50. Ba5 Rxc3 51. Bxc3 Rxc3 52. Rf2 Rg3 53. Ref1 Rg5 54. Re1 Rg4 55. Re3 Qg5 56. Rh3 Rf4 57. Re2 Qf5 58. Rhe3 Rf1+ 59. Kh2 Qf4+ 60. Kh3 Qf5+ 61. Kg3 Qg5+ 62. Kh2 Qh4+ 63. Rh3 Qf4+ 64. Rg3 h5 65. Re3 h4 0-1


[Site "https://www.chess.com"]

[Event "Titled Tuesday Blitz July 18 Late 2023"]
[White "Merino Garcia, Rafael II"]
[Black "Vanek, Tomas"]
[WhiteFideId "2209128"]
[BlackFideId "313459"]
[WhiteElo "2365"]
[BlackElo "2162"]
[Result "1-0"]
[Round "5"]
[TimeControl "180+2"]
[Date "2023.07.18"]
[WhiteClock "0:00:09"]
[BlackClock "0:00:05"]
[Board "151"]

1. d4 f5 2. g3 Nf6 3. Bg2 c6 4. Nh3 d6 5. O-O Qc7 6. Nc3 e5 7. dxe5 dxe5 8. e4 Bb4 9. Be3 O-O 10. exf5 Bxc3 11. bxc3 Bxf5 12. Ng5 Na6 13. Qe2 Rae8 14. h3 e4 15. g4 Bg6 16. Qc4+ Kh8 17. Bd4 h6 18. Bxf6 Rxf6 19. Nxe4 b5 20. Qd3 Rfe6 21. f3 Nc5 22. Qd4 Nxe4 23. fxe4 Bxe4 24. Rae1 Qg3 25. Qf2 Qxf2+ 26. Rxf2 Bxg2 27. Rxe6 Rxe6 28. Kxg2 Kg8 29. Rd2 Re7 30. Rd4 Kf7 31. Kf3 c5 32. Rd5 Rc7 33. Re5 Kf6 34. Ke4 a5 35. h4 b4 36. cxb4 axb4 37. Rf5+ Ke6 38. Re5+ Kf6 39. g5+ hxg5 40. hxg5+ Kg6 41. Kd5 c4 42. Re4 b3 43. axb3 cxb3 44. cxb3 Kxg5 45. b4 Kh5 46. b5 g5 47. b6 Rb7 48. Kc6 Rb8 49. Kc7 Rxb6 50. Kxb6 g4 51. Kc5 g3 52. Kd4 g2 53. Re1 Kg4 54. Ke3 Kg3 55. Ke2 Kh3 56. Kf2 Kh2 57. Rg1 Kh3 58. Rxg2 Kh4 59. Kf3 Kh3 60. Rg3+ Kh2 61. Kf2 Kh1 62. Rh3# 1-0


[Site "https://www.chess.com"]

[Event "Titled Tuesday Blitz July 18 Late 2023"]
[White "Mangialardo, Tiago Carvalho"]
[Black "Rodriguez Santiago, Jaime"]
[WhiteFideId "2130718"]
[BlackFideId "3100898"]
[WhiteElo "2148"]
[BlackElo "2355"]
[Result "0-1"]
[Round "5"]
[TimeControl "180+2"]
[Date "2023.07.18"]
[WhiteClock "0:00:00"]
[BlackClock "0:01:30"]
[Board "152"]

1. e4 c6 2. c4 d5 3. exd5 cxd5 4. cxd5 Nf6 5. Bb5+ Nbd7 6. Nc3 a6 7. Ba4 b5 8. Bb3 Bb7 9. a4 b4 10. Nce2 Nc5 11. Nf3 Nd3+ 12. Kf1 Qb6 13. Ned4 Nxd5 14. a5 Qa7 15. Ba4+ Kd8 16. Qc2 N5f4 17. Bb3 Rc8 18. Bc4 e5 19. Qb3 Bxf3 20. Bxd3 Bxg2+ 21. Kg1 Qxd4 0-1


[Site "https://www.chess.com"]

[Event "Titled Tuesday Blitz July 18 Late 2023"]
[White "Tqebuchava, Zurab"]
[Black "Bogaudinov, Rushan"]
[WhiteFideId "13601113"]
[BlackFideId "4129288"]
[WhiteElo "2118"]
[BlackElo "2355"]
[Result "0-1"]
[Round "5"]
[TimeControl "180+2"]
[Date "2023.07.18"]
[WhiteClock "0:00:00"]
[BlackClock "0:00:16"]
[Board "153"]

1. e4 a6 2. b3 b5 3. Bb2 Bb7 4. d3 e6 5. Nf3 d5 6. exd5 Qxd5 7. Be2 c5 8. Nbd2 Nf6 9. c4 Qd8 10. O-O Be7 11. Ne5 O-O 12. Bf3 Ra7 13. Bxb7 Rxb7 14. Qf3 Rb6 15. Ne4 Nxe4 16. dxe4 Bf6 17. Rab1 Rd6 18. cxb5 axb5 19. Ng4 Bxb2 20. Rxb2 Nc6 21. Qg3 Rd3 22. Qf4 Qd4 23. Rc2 f6 24. h4 h5 25. Ne3 Ne5 26. Rfc1 Rc8 27. a4 bxa4 28. bxa4 c4 29. a5 c3 30. a6 Ra8 31. Qg3 Rxa6 32. Qh3 Ng4 33. Qf3 Nxe3 34. Qxh5 Rd1+ 35. Kh2 Qe5+ 36. Qxe5 fxe5 37. fxe3 Rxc1 38. Rxc1 Rc6 39. Rc2 Kh7 40. Kg3 Kh6 41. Kg4 Kg6 42. h5+ Kh6 43. g3 Rc4 44. Kh4 Rxe4+ 45. g4 Rxe3 46. g5+ Kh7 0-1


[Site "https://www.chess.com"]

[Event "Titled Tuesday Blitz July 18 Late 2023"]
[White "Figorito, Nick"]
[Black "Floresvillar Gonzalez, Luis Migu"]
[WhiteFideId "30923689"]
[BlackFideId "5100542"]
[WhiteElo "2352"]
[BlackElo "2080"]
[Result "1-0"]
[Round "5"]
[TimeControl "180+2"]
[Date "2023.07.18"]
[WhiteClock "0:00:23"]
[BlackClock "0:00:18"]
[Board "154"]

1. Nf3 d5 2. g3 c6 3. Bg2 Bg4 4. O-O h5 5. c4 e6 6. Qb3 Qb6 7. d3 Qxb3 8. axb3 a6 9. Nc3 Nd7 10. Bd2 Ngf6 11. Na4 Bd6 12. b4 dxc4 13. dxc4 Bxf3 14. Bxf3 Ne5 15. Nb6 Nxf3+ 16. exf3 Rd8 17. Bc3 h4 18. Rad1 hxg3 19. hxg3 Ke7 20. c5 Bc7 21. Bxf6+ Kxf6 22. Nc4 Rd5 23. Ne3 Rxd1 24. Rxd1 Rd8 25. Rxd8 Bxd8 26. Kf1 Bc7 27. Ke2 Ke5 28. Kd3 f5 29. f4+ Kf6 30. Nc4 g5 31. fxg5+ Kxg5 32. Ke3 e5 33. f3 Kf6 34. g4 e4 35. gxf5 exf3 36. Nd6 b6 37. Ne8+ Kxf5 38. Nxc7 bxc5 39. bxc5 a5 40. Kxf3 Ke5 41. Ke3 a4 42. Kd3 Kf4 43. Kc4 Ke4 44. Ne8 Ke3 45. Kb4 Kd4 46. Nd6 Kd5 47. Nb7 Kd4 48. Na5 Kd3 49. Nxc6 Kc2 50. Kxa4 Kxb2 51. Nb4 Kc3 52. c6 Kc4 53. c7 Kc5 54. c8=Q+ Kb6 55. Qc6+ Ka7 56. Qb5 Ka8 57. Kb3 Ka7 58. Kc4 Ka8 59. Kd5 Ka7 60. Kc6 Ka8 61. Qb7# 1-0


[Site "https://www.chess.com"]

[Event "Titled Tuesday Blitz July 18 Late 2023"]
[White "Kostiukov, Alexandr"]
[Black "gordonzyxu"]
[WhiteFideId "14108100"]
[WhiteElo "2346"]
[BlackElo "2080"]
[Result "1-0"]
[Round "5"]
[TimeControl "180+2"]
[Date "2023.07.18"]
[WhiteClock "0:00:02"]
[BlackClock "0:00:06"]
[Board "155"]

1. g3 Nf6 2. Bg2 g6 3. c4 Bg7 4. Nf3 O-O 5. O-O c6 6. d4 d5 7. cxd5 cxd5 8. Nc3 Nc6 9. Ne5 Bf5 10. Bf4 Rc8 11. Nxc6 bxc6 12. Be5 Ne4 13. Bxg7 Kxg7 14. Nxe4 dxe4 15. Rc1 c5 16. dxc5 e6 17. b4 a5 18. a3 e5 19. e3 Rb8 20. Qb3 Qd3 21. Rc3 Qb5 22. Rb1 Be6 23. Qc2 f5 24. Bf1 Qd7 25. Bc4 axb4 26. axb4 f4 27. Bxe6 Qxe6 28. Qxe4 f3 29. Qh4 e4 30. h3 Rfd8 31. c6 Rdc8 32. b5 Rc7 33. Qg4 Qe7 34. Qf4 Rbc8 35. Rbc1 Qb4 36. Qe5+ Kh6 37. Rc4 Qf8 38. Rxe4 Qf5 39. Rh4+ Kg5 40. Rg4+ Kh6 41. Rh4+ Kg5 42. Qxf5+ gxf5 43. Rhc4 Rb8 44. Rc5 Kf6 45. Kh2 Ke6 46. Rd1 Ra7 47. Rdd5 Rc7 48. Re5+ Kd6 49. Rcd5# 1-0


[Site "https://www.chess.com"]

[Event "Titled Tuesday Blitz July 18 Late 2023"]
[White "AndresDelgado77"]
[Black "Joubert, Dantelle"]
[BlackFideId "14310813"]
[WhiteElo "2343"]
[BlackElo "2066"]
[Result "1-0"]
[Round "5"]
[TimeControl "180+2"]
[Date "2023.07.18"]
[WhiteClock "0:00:18"]
[BlackClock "0:00:00"]
[Board "156"]

1. e4 c5 2. Nf3 d6 3. d4 cxd4 4. Qxd4 Nc6 5. Bb5 Bd7 6. Qd3 g6 7. Nc3 Bg7 8. Bg5 Nf6 9. O-O-O Ng4 10. Rd2 O-O 11. Nd5 f6 12. Bf4 Nce5 13. Qb3 Kh8 14. Bxd7 Qxd7 15. h3 Nxf3 16. gxf3 Ne5 17. Bg3 Rfe8 18. f4 Nc6 19. f5 gxf5 20. exf5 Qxf5 21. Nc7 Bh6 22. f4 Bxf4 23. Bxf4 Qxf4 24. Nxa8 Rxa8 25. Qxb7 1-0


[Site "https://www.chess.com"]

[Event "Titled Tuesday Blitz July 18 Late 2023"]
[White "Calin, Alexandru"]
[Black "Curtis, John"]
[WhiteFideId "1222961"]
[BlackFideId "3200256"]
[WhiteElo "2341"]
[BlackElo "2047"]
[Result "0-1"]
[Round "5"]
[TimeControl "180+2"]
[Date "2023.07.18"]
[WhiteClock "0:00:00"]
[BlackClock "0:00:55"]
[Board "157"]

1. e4 c5 2. Nf3 d6 3. d4 cxd4 4. Nxd4 Nf6 5. Nc3 a6 6. Be2 e5 7. Nb3 Be6 8. Be3 Nbd7 9. f3 Rc8 10. O-O Nb6 11. Na5 Qc7 12. Qd2 d5 13. exd5 Nbxd5 14. Nxd5 Nxd5 15. Nb3 Qxc2 16. Rac1 Qxd2 17. Rxc8+ Bxc8 18. Bxd2 Bb4 19. Bxb4 Nxb4 20. a3 Nc6 21. Rc1 Ke7 22. Bxa6 Rd8 23. Bc4 f6 24. Kf1 h6 25. Ke1 Bf5 26. Nc5 Bc8 27. Bb3 Nd4 28. Ba2 b6 29. Ne4 Bf5 30. Rc7+ Rd7 31. Rxd7+ Bxd7 32. Kd2 Bc6 33. Nc3 Kd6 34. Ke3 g5 35. Bg8 f5 36. Bh7 f4+ 37. Kd3 b5 38. Be4 Bd7 39. Ba8 h5 0-1


[Site "https://www.chess.com"]

[Event "Titled Tuesday Blitz July 18 Late 2023"]
[White "Prydun, Andriy"]
[Black "Navyblue1"]
[WhiteFideId "14145898"]
[WhiteElo "2340"]
[BlackElo "1853"]
[Result "1-0"]
[Round "5"]
[TimeControl "180+2"]
[Date "2023.07.18"]
[WhiteClock "0:00:13"]
[BlackClock "0:00:15"]
[Board "158"]

1. d4 Nf6 2. Nd2 d5 3. Ngf3 Bg4 4. Ne5 Bf5 5. Nb3 e6 6. Bg5 Be7 7. e3 Nbd7 8. g4 Bg6 9. h4 h6 10. Nxg6 fxg6 11. Bf4 Nf8 12. Be5 Bd6 13. f4 Ne4 14. Bd3 Bxe5 15. dxe5 Nd7 16. Bxe4 dxe4 17. Qd4 O-O 18. Qxe4 c6 19. O-O-O Qe8 20. h5 Rd8 21. hxg6 Nb6 22. Rdg1 Nd5 23. g5 Rf5 24. gxh6 gxh6 25. Rxh6 Ne7 26. g7 Qf7 27. Rh8# 1-0


[Site "https://www.chess.com"]

[Event "Titled Tuesday Blitz July 18 Late 2023"]
[White "Rottenwohrer Suarez, Juan"]
[Black "Burke, Paul"]
[WhiteFideId "32068182"]
[BlackFideId "2605767"]
[WhiteElo "2509"]
[BlackElo "1991"]
[Result "1-0"]
[Round "5"]
[TimeControl "180+2"]
[Date "2023.07.18"]
[WhiteClock "0:01:50"]
[BlackClock "0:01:00"]
[Board "159"]

1. e4 e5 2. Nf3 Nc6 3. Nc3 Be7 4. d4 exd4 5. Nxd4 d6 6. Bb5 Bd7 7. Nxc6 bxc6 8. Bd3 Nf6 9. O-O O-O 10. f4 h6 11. Kh1 d5 12. e5 Ng4 13. h3 Bc5 14. Qe1 Nf2+ 15. Rxf2 Bxf2 16. Qxf2 d4 17. Qxd4 Qe7 18. f5 Rad8 19. f6 gxf6 20. e6 Bxe6 21. Qe3 Qd6 22. Qxh6 Qg3 23. Qh7# 1-0


[Site "https://www.chess.com"]

[Event "Titled Tuesday Blitz July 18 Late 2023"]
[White "Izuzquiza Gonzalez, Javier"]
[Black "Liu, Casper"]
[WhiteFideId "3101029"]
[BlackFideId "1454153"]
[WhiteElo "2248"]
[BlackElo "2446"]
[Result "1-0"]
[Round "5"]
[TimeControl "180+2"]
[Date "2023.07.18"]
[WhiteClock "0:00:47"]
[BlackClock "0:00:32"]
[Board "160"]

1. d4 Nf6 2. c4 g6 3. Nf3 Bg7 4. g3 O-O 5. Bg2 c5 6. O-O cxd4 7. Nxd4 Nc6 8. Nc3 Nxd4 9. Qxd4 d6 10. Qd3 Nd7 11. Rd1 Ne5 12. Qe4 Be6 13. c5 Rb8 14. cxd6 exd6 15. Be3 a6 16. Bd4 Re8 17. Nd5 Bf5 18. Qe3 Ng4 19. Qc3 Rc8 20. Qb4 Rxe2 21. Bxg7 Kxg7 22. Bf3 Rxf2 23. Bxg4 Rcc2 24. Ne3 Rxb2 25. Rxd6 Qg5 26. Qd4+ f6 27. h4 Qh6 28. Qxf6+ Kg8 29. Rd8+ 1-0


[Site "https://www.chess.com"]

[Event "Titled Tuesday Blitz July 18 Late 2023"]
[White "Barwinska, Ewa"]
[Black "Ricaurte Lopez, Juan Carlos"]
[WhiteFideId "21833761"]
[BlackFideId "3600327"]
[WhiteElo "2294"]
[BlackElo "2137"]
[Result "1/2-1/2"]
[Round "5"]
[TimeControl "180+2"]
[Date "2023.07.18"]
[WhiteClock "0:00:18"]
[BlackClock "0:00:15"]
[Board "161"]

1. e4 e5 2. Nf3 Nc6 3. Bc4 Nf6 4. d3 Bc5 5. O-O d6 6. h3 Na5 7. Bb3 Nxb3 8. axb3 O-O 9. Nc3 h6 10. Be3 Bxe3 11. fxe3 Be6 12. d4 exd4 13. exd4 Re8 14. Qd3 c6 15. Rae1 Qe7 16. Nh4 Rad8 17. Nf5 Bxf5 18. Rxf5 Qe6 19. Qg3 Nh7 20. Ref1 f6 21. d5 Qe7 22. Qg6 Qf7 23. Qg4 Re5 24. Rxe5 dxe5 25. dxc6 bxc6 26. Rd1 Rxd1+ 27. Qxd1 Qe7 28. Qd3 Nf8 29. Qc4+ Qe6 30. Qc5 Qd7 31. Kh2 Ne6 32. Qc4 Kh7 33. Na4 Nf4 34. Qc3 Qd1 35. Nc5 Qe2 36. Qf3 Qxc2 37. b4 Qxb2 38. Qg4 Qxb4 39. Qf5+ Kg8 40. Qc8+ Kh7 41. Qf5+ Kg8 42. Qc8+ Kh7 43. Qf5+ 1/2-1/2


[Site "https://www.chess.com"]

[Event "Titled Tuesday Blitz July 18 Late 2023"]
[White "Schachpanda_Youtube"]
[Black "Troff, Kayden"]
[BlackFideId "2047896"]
[WhiteElo "2223"]
[BlackElo "2765"]
[Result "0-1"]
[Round "5"]
[TimeControl "180+2"]
[Date "2023.07.18"]
[WhiteClock "0:00:34"]
[BlackClock "0:01:04"]
[Board "162"]

1. e4 c5 2. d4 cxd4 3. c3 d3 4. Bxd3 g6 5. c4 Nc6 6. Nf3 Bg7 7. O-O d6 8. h3 Nf6 9. Nc3 O-O 10. Be3 Nd7 11. Rc1 Nde5 12. Nxe5 dxe5 13. a3 Nd4 14. f4 exf4 15. Bxf4 Qb6 16. Kh2 Qxb2 17. Nd5 Nc6 18. Rb1 Qxa3 19. Nc7 Rb8 20. Nb5 Qc5 21. Bxb8 Nxb8 22. Qf3 Nc6 23. Qf2 Qxf2 24. Rxf2 Rd8 25. Bc2 Be6 26. Nc7 Be5+ 27. Kh1 Bxc7 28. Rxb7 Bb6 29. Rf1 Bxc4 30. Rb1 Kf8 31. Ba4 Ne5 32. Kh2 Ba6 33. R7xb6 axb6 34. Rxb6 Bd3 0-1


[Site "https://www.chess.com"]

[Event "Titled Tuesday Blitz July 18 Late 2023"]
[White "Sadovsky, Artem"]
[Black "De Arruda, Leandro Formes"]
[WhiteFideId "4155840"]
[BlackFideId "22722009"]
[WhiteElo "2547"]
[BlackElo "2213"]
[Result "1-0"]
[Round "5"]
[TimeControl "180+2"]
[Date "2023.07.18"]
[WhiteClock "0:00:14"]
[BlackClock "0:00:07"]
[Board "163"]

1. Nf3 d5 2. e3 Nf6 3. Be2 e6 4. O-O Bd6 5. c4 c6 6. b3 Nbd7 7. Bb2 O-O 8. d3 Re8 9. Nbd2 Qe7 10. Qc2 e5 11. cxd5 cxd5 12. e4 b6 13. exd5 Bb7 14. Nc4 Rac8 15. Qd2 Nxd5 16. Nxd6 Qxd6 17. d4 e4 18. Ne5 Nxe5 19. dxe5 Qg6 20. Bc4 Rcd8 21. Rad1 h5 22. h4 Qg4 23. Qg5 Qxg5 24. hxg5 Nb4 25. g6 Bd5 26. Rxd5 Rxd5 27. gxf7+ Kxf7 28. Rd1 Ke6 29. Rd4 b5 30. Bxd5+ Nxd5 31. Rxe4 Rc8 32. Re2 Nf4 33. Rd2 Rc6 34. Kh2 Kf5 35. g3 Ng6 36. f4 Kg4 37. Re2 Kf3 38. Rd2 Ne7 39. Ba3 Nf5 40. Bf8 g6 41. Bb4 Nxg3 42. Rd3+ Kxf4 43. Rxg3 Rc2+ 44. Rg2 Rc6 45. Re2 Kf3 46. Re1 Re6 47. Kh1 g5 48. Bd6 g4 49. Rf1+ Kg3 50. Rf6 Re8 51. e6+ Kh3 52. e7 g3 53. Rf8 g2+ 54. Kg1 Rxe7 55. Bxe7 h4 56. Rg8 a6 57. Bd6 b4 58. Rxg2 a5 59. Rh2+ Kg4 60. Bc7 a4 61. Ba5 axb3 62. axb3 h3 63. Bxb4 Kg3 64. Ba3 Kh4 65. Bc1 Kg3 66. Bd2 Kh4 67. Bc3 Kg3 68. Bb4 1-0


[Site "https://www.chess.com"]

[Event "Titled Tuesday Blitz July 18 Late 2023"]
[White "Bongo Akanga Ndjila, Barthelemy"]
[Black "Palencia Morales, Wilson Guillermo"]
[WhiteFideId "10609431"]
[BlackFideId "4401859"]
[WhiteElo "2069"]
[BlackElo "2540"]
[Result "0-1"]
[Round "5"]
[TimeControl "180+2"]
[Date "2023.07.18"]
[WhiteClock "0:00:19"]
[BlackClock "0:01:19"]
[Board "164"]

1. d4 Nf6 2. c4 c5 3. d5 e6 4. Nc3 exd5 5. cxd5 d6 6. e4 g6 7. h3 Bg7 8. Nf3 a6 9. a4 O-O 10. Be2 Nbd7 11. O-O Ne8 12. Bf4 Qe7 13. Nd2 Ne5 14. Qc2 Bd7 15. Rae1 Nc7 16. a5 Nb5 17. Bxb5 axb5 18. Bh2 b4 19. Na4 Bb5 20. Nb6 Rxa5 21. Nbc4 Bxc4 22. Nxc4 Nxc4 23. Qxc4 Bxb2 24. e5 Bxe5 25. f4 Bd4+ 26. Qxd4 Qxe1 27. Qf6 Qe3+ 28. Kh1 Rfa8 29. Qxd6 Ra1 30. Rg1 Rxg1+ 31. Bxg1 Ra1 32. Qb8+ Kg7 33. Qe5+ Qxe5 34. fxe5 b3 35. Kh2 Rxg1 36. Kxg1 b2 37. d6 b1=Q+ 38. Kh2 Qf5 0-1


[Site "https://www.chess.com"]

[Event "Titled Tuesday Blitz July 18 Late 2023"]
[White "Boor, Carl"]
[Black "Feliz Dotel, Dewar Bienvenido"]
[WhiteFideId "2017008"]
[BlackFideId "6402801"]
[WhiteElo "2401"]
[BlackElo "2065"]
[Result "1-0"]
[Round "5"]
[TimeControl "180+2"]
[Date "2023.07.18"]
[WhiteClock "0:00:27"]
[BlackClock "0:00:00"]
[Board "165"]

1. e4 e5 2. Nf3 Nc6 3. Nc3 Nf6 4. Nd5 d6 5. Bb5 Bd7 6. O-O Be7 7. Nxe7 Qxe7 8. d3 h6 9. c3 O-O 10. Re1 Nd8 11. Bc4 b5 12. Bb3 a5 13. d4 a4 14. Bc2 Bg4 15. h3 Bxf3 16. Qxf3 exd4 17. cxd4 Ne6 18. Be3 c5 19. e5 dxe5 20. dxe5 Nd7 21. Qg3 g5 22. f4 Kh8 23. f5 Ng7 24. f6 Nxf6 25. exf6 Qxf6 26. Bxc5 Rfc8 27. Qd3 1-0


[Site "https://www.chess.com"]

[Event "Titled Tuesday Blitz July 18 Late 2023"]
[White "Sainz Aguirre, Ignacio"]
[Black "Todev, Simeon"]
[WhiteFideId "5101727"]
[BlackFideId "2925133"]
[WhiteElo "1964"]
[BlackElo "2368"]
[Result "0-1"]
[Round "5"]
[TimeControl "180+2"]
[Date "2023.07.18"]
[WhiteClock "0:01:22"]
[BlackClock "0:01:41"]
[Board "166"]

1. e4 c5 2. Nf3 Nc6 3. Bb5 e6 4. O-O g6 5. Re1 Bg7 6. c3 Nge7 7. a4 O-O 8. Bf1 d5 9. d3 b6 10. Na3 Bb7 11. Nc2 Qc7 12. e5 Nxe5 13. Bf4 Nxf3+ 14. Qxf3 e5 15. Bg5 Nf5 16. Ne3 Nxe3 17. Rxe3 d4 0-1


[Site "https://www.chess.com"]

[Event "Titled Tuesday Blitz July 18 Late 2023"]
[White "Zampronha, Wladimir Camilo"]
[Black "Dmitriev, Sergey"]
[WhiteFideId "2103087"]
[BlackFideId "14101785"]
[WhiteElo "2260"]
[BlackElo "1956"]
[Result "0-1"]
[Round "5"]
[TimeControl "180+2"]
[Date "2023.07.18"]
[WhiteClock "0:00:10"]
[BlackClock "0:00:25"]
[Board "167"]

1. e4 e5 2. Nf3 Nc6 3. d4 exd4 4. Nxd4 Nxd4 5. Qxd4 d6 6. Nc3 Nf6 7. Bf4 Be7 8. O-O-O O-O 9. f3 Nh5 10. Be3 Bg5 11. Bxg5 Qxg5+ 12. Kb1 Be6 13. g3 Qa5 14. f4 Nf6 15. f5 Bd7 16. g4 Bc6 17. g5 Ng4 18. Be2 Ne5 19. h4 f6 20. Rhg1 Kh8 21. h5 fxg5 22. Rxg5 Qb6 23. Qd2 Qf2 24. Rdg1 Nf3 25. Qf4 Bxe4 26. Bxf3 Qxf3 27. Qd2 Rf7 28. Qd4 Qxf5 29. Rxg7 Bxc2+ 30. Ka1 Qf1+ 31. Rxf1 Rxf1+ 32. Nd1 Rxd1+ 33. Qxd1 Bxd1 34. Rxc7 Rb8 35. Rd7 Bxh5 36. Rxd6 Bg6 37. b4 Kg7 38. Kb2 Kf7 39. a4 Ke7 40. Rd2 Rd8 41. Kc3 Rxd2 42. Kxd2 Ke6 0-1


[Site "https://www.chess.com"]

[Event "Titled Tuesday Blitz July 18 Late 2023"]
[White "Cardozo Munar, Carlos Eduardo"]
[Black "Lutz, Igor Oscar"]
[WhiteFideId "4409477"]
[BlackFideId "2110806"]
[WhiteElo "2234"]
[BlackElo "1943"]
[Result "1-0"]
[Round "5"]
[TimeControl "180+2"]
[Date "2023.07.18"]
[WhiteClock "0:00:10"]
[BlackClock "0:00:00"]
[Board "168"]

1. d4 d5 2. Nf3 Nf6 3. Bg5 e6 4. Nbd2 c5 5. e3 cxd4 6. exd4 Nc6 7. c3 h6 8. Bh4 Be7 9. Bd3 Qb6 10. Rb1 Bd7 11. O-O O-O 12. Re1 Rac8 13. a3 Rfe8 14. Ne5 Nxe5 15. dxe5 Nh7 16. Bxe7 Rxe7 17. Qh5 Bb5 18. Bc2 Qa5 19. Nf3 Ba4 20. Bd3 Bb5 21. Rbd1 Bxd3 22. Rxd3 Qb5 23. Rd2 Rc4 24. h3 Qc6 25. Nd4 Qc7 26. Qe2 Ng5 27. Rd3 Ne4 28. Re3 Nc5 29. Rg3 Nd7 30. Qh5 f6 31. exf6 Nxf6 32. Qg6 Qd6 33. Qxf6 1-0


[Site "https://www.chess.com"]

[Event "Titled Tuesday Blitz July 18 Late 2023"]
[White "Nakamura, Hikaru"]
[Black "He, Anthony"]
[WhiteFideId "2016192"]
[BlackFideId "2088215"]
[WhiteElo "3255"]
[BlackElo "2983"]
[Result "1-0"]
[Round "6"]
[TimeControl "180+2"]
[Date "2023.07.18"]
[WhiteClock "0:00:48"]
[BlackClock "0:00:25"]
[Board "1"]

1. e4 c6 2. d3 d5 3. Nf3 Qc7 4. g3 e5 5. Bg2 Bd6 6. O-O Ne7 7. Re1 O-O 8. Nc3 d4 9. Nb1 c5 10. a4 Nbc6 11. Na3 Qd8 12. Nc4 Bc7 13. Nh4 Be6 14. Rf1 a6 15. a5 Ng6 16. Nf5 Nxa5 17. Nxa5 Bxa5 18. Qh5 Bc7 19. h4 Kh8 20. b3 f6 21. Qf3 Ne7 22. h5 Qd7 23. g4 Rf7 24. Qg3 g6 25. hxg6 hxg6 26. Qh4+ Kg8 27. Nh6+ Kg7 28. Nxf7 Kxf7 29. g5 f5 30. f4 Kg8 31. fxe5 Bxe5 32. Bf4 Bg7 33. Rae1 Rf8 34. Bg3 b6 35. Qf4 Rf7 36. Qd6 Qxd6 37. Bxd6 Nc8 38. exf5 Bd7 39. Bd5 1-0


[Site "https://www.chess.com"]

[Event "Titled Tuesday Blitz July 18 Late 2023"]
[White "Martinez Alcantara, Jose Eduardo"]
[Black "Matlakov, Maxim"]
[WhiteFideId "3805662"]
[BlackFideId "4168003"]
[WhiteElo "3060"]
[BlackElo "2964"]
[Result "1-0"]
[Round "6"]
[TimeControl "180+2"]
[Date "2023.07.18"]
[WhiteClock "0:00:04"]
[BlackClock "0:00:02"]
[Board "2"]

1. e4 e5 2. Nf3 Nc6 3. Bb5 a6 4. Ba4 Nf6 5. d3 b5 6. Bb3 Be7 7. Nc3 d6 8. a3 O-O 9. O-O Rb8 10. h3 h6 11. Be3 Re8 12. Re1 Bf8 13. Ne2 Be6 14. Bxe6 Rxe6 15. Ng3 d5 16. Qe2 Qd7 17. c3 Rd8 18. Rad1 Ree8 19. b4 Qe6 20. Qc2 Rd7 21. exd5 Nxd5 22. Bd2 Qg6 23. c4 Nb6 24. cxb5 axb5 25. Be3 Nd5 26. Bd2 Nb6 27. Ne4 Red8 28. Rc1 Nd4 29. Nxd4 Rxd4 30. Qxc7 Rc8 31. Qxe5 Rxd3 32. Rxc8 Nxc8 33. Qxb5 Rxa3 34. Bf4 Ne7 35. Bd6 Qe6 36. Qb8 Ng6 37. Bxf8 Nxf8 38. Qc7 Rb3 39. Qc1 Rxb4 40. Ng3 Qc4 41. Qd1 Qd4 42. Qf3 Qd2 43. Re8 Qc1+ 44. Kh2 Rb1 45. Nf5 Qc7+ 46. g3 Rb8 47. Ne7+ Kh7 48. Qxf7 Rxe8 49. Qg8# 1-0


[Site "https://www.chess.com"]

[Event "Titled Tuesday Blitz July 18 Late 2023"]
[White "Bortnyk, Olexandr"]
[Black "Terry, Renato"]
[WhiteFideId "14120828"]
[BlackFideId "3803457"]
[WhiteElo "3035"]
[BlackElo "2957"]
[Result "1/2-1/2"]
[Round "6"]
[TimeControl "180+2"]
[Date "2023.07.18"]
[WhiteClock "0:00:19"]
[BlackClock "0:00:17"]
[Board "3"]

1. e4 c6 2. c4 e5 3. Nf3 d6 4. Nc3 c5 5. d3 Nc6 6. g3 g6 7. Bg2 Bg7 8. O-O Nge7 9. a3 O-O 10. Rb1 a5 11. Nd5 h6 12. Bd2 Kh7 13. b4 axb4 14. axb4 Nxd5 15. cxd5 Nxb4 16. Bxb4 cxb4 17. Qb3 Ra3 18. Qxb4 Rxd3 19. Rfc1 f5 20. exf5 Bxf5 21. Rb3 Rxb3 22. Qxb3 Qf6 23. Qxb7 Bg4 24. Nh4 Qxf2+ 25. Kh1 Qe3 26. Qb1 Bf5 27. Nxf5 gxf5 28. Rf1 e4 29. Qb4 Be5 30. Bxe4 Kg6 31. Qb1 Qg5 32. g4 Qd2 33. gxf5+ Kf6 34. Qc2 Qxc2 35. Bxc2 Rg8 36. Rf3 Bd4 37. Rg3 Rxg3 38. hxg3 h5 39. Kg2 Kg5 40. Kf3 Be5 41. Bd3 Bf6 42. Be4 Be5 43. Kg2 Bf6 44. Kh3 Be5 45. Bf3 Bf6 46. g4 hxg4+ 47. Bxg4 Be5 48. Bd1 Kf6 49. Kg4 Bd4 50. Kf4 Be5+ 51. Ke4 Kg5 52. Ba4 Kf6 53. Bd7 Kg5 54. Be6 Kf6 55. Kd3 Kg5 56. Kc4 Kf6 57. Kb5 Bf4 58. Kc6 Be5 59. Kd7 Bf4 60. Ke8 Be5 61. Kf8 Bf4 62. Ke8 Be5 63. Kd7 Bf4 64. Kc6 Be5 65. Kd7 1/2-1/2


[Site "https://www.chess.com"]

[Event "Titled Tuesday Blitz July 18 Late 2023"]
[White "Naroditsky, Daniel"]
[Black "Xiong, Jeffery"]
[WhiteFideId "2026961"]
[BlackFideId "2047640"]
[WhiteElo "3138"]
[BlackElo "2968"]
[Result "1/2-1/2"]
[Round "6"]
[TimeControl "180+2"]
[Date "2023.07.18"]
[WhiteClock "0:01:14"]
[BlackClock "0:01:22"]
[Board "4"]

1. e4 e6 2. d4 d5 3. e5 c5 4. Nf3 Nc6 5. Bd3 Bd7 6. O-O Qb6 7. dxc5 Bxc5 8. Nc3 Qd8 9. Nb5 a6 10. Nd6+ Bxd6 11. exd6 Nf6 12. Bf4 O-O 13. c3 Ne4 14. Qe2 Qf6 15. Be3 e5 16. c4 Nxd6 17. cxd5 e4 1/2-1/2


[Site "https://www.chess.com"]

[Event "Titled Tuesday Blitz July 18 Late 2023"]
[White "Nihal Sarin"]
[Black "Durarbayli, Vasif"]
[WhiteFideId "25092340"]
[BlackFideId "13402935"]
[WhiteElo "3062"]
[BlackElo "2927"]
[Result "1-0"]
[Round "6"]
[TimeControl "180+2"]
[Date "2023.07.18"]
[WhiteClock "0:00:36"]
[BlackClock "0:00:00"]
[Board "5"]

1. a3 g6 2. d4 Bg7 3. Nf3 Nf6 4. g3 O-O 5. Bg2 c5 6. dxc5 Qc7 7. b4 a5 8. Bb2 b6 9. Be5 Qb7 10. Nh4 Nc6 11. b5 Nxe5 12. Bxb7 Bxb7 13. O-O bxc5 14. Nc3 Nc4 15. a4 d5 16. Nf3 Rad8 17. Qe1 e5 18. Nd2 Nd6 19. Nb3 d4 20. Nb1 Be4 21. Nxc5 Bxc2 22. Na3 Rc8 23. Rc1 Rxc5 24. Rxc2 Rxc2 25. Nxc2 Rc8 26. Na3 Nb7 27. Qb1 Rc3 28. Qa2 Ne4 29. b6 Rc5 30. Nb5 Nc3 31. Nxc3 dxc3 32. Rd1 Bf8 33. Rd7 Nd6 34. Rc7 Ne4 35. Qxf7+ 1-0


[Site "https://www.chess.com"]